TOP OF THE 1ST |
Rio Grande Rattlesnake batting - Pitching for Buffalo LightSabres : RHP Jorge Gómez
|
Pitching: RHP Jorge Gómez
|
|
Batting: RHB Geomar Dalsoglio
|
0-0: Ground out 1-3 (Groundball, P)
|
Batting: LHB Alberto Roberts
|
0-0: Ball 1-0: Fly out, F8 (Flyball, 8RD)
|
Batting: RHB Jeff Bane
|
0-0: DOUBLE (Line Drive, 89D)
|
Batting: LHB Claudio Rodríguez
|
0-0: Ground out 5-3 (Groundball, 56S)
|
Top of the 1st over - 0 runs, 1 hit, 0 errors, 1 left on base; Rio Grande 0 - Buffalo 0 |
BOTTOM OF THE 1ST |
Buffalo LightSabres batting - Pitching for Rio Grande Rattlesnake : RHP Chris Carpenter
|
Pitching: RHP Chris Carpenter
|
|
Batting: RHB Sean King
|
0-0: Ball 1-0: Ball 2-0: Ball 3-0: Base on Balls
|
Batting: LHB Tim Griffith
|
0-0: Fly out, F7 (Flyball, 7)
|
Batting: LHB Rob Davidson
|
0-0: Ball 1-0: Foul Ball, location: 2F 1-1: Foul Ball, location: 2F 1-2: Foul Ball, location: 2F 1-2: Foul Ball, location: 2F 1-2: Fly out, F8 (Flyball, 8LS)
|
Batting: LHB Garrett King
|
0-0: Ball 1-0: Ball 2-0: SINGLE (Groundball, 6D) Sean King to second
|
Batting: RHB Abraham Hardy
|
0-0: Ball 1-0: Ball 2-0: Ball 3-0: Hit by Pitch Sean King to third Garrett King to second
|
Batting: LHB Sergio Luna
|
0-0: Ball 1-0: Fly out, F7 (Flyball, 7S)
|
Bottom of the 1st over - 0 runs, 1 hit, 0 errors, 3 left on base; Rio Grande 0 - Buffalo 0 |
TOP OF THE 2ND |
Rio Grande Rattlesnake batting - Pitching for Buffalo LightSabres : RHP Jorge Gómez
|
Batting: RHB Gary Thomas
|
0-0: Called Strike 0-1: Called Strike 0-2: Foul Ball, location: 2F 0-2: Ball 1-2: Strikes out swinging
|
Batting: LHB Justin Holland
|
0-0: Foul Ball, location: 2F 0-1: Ball 1-1: Ground out 6-3 (Groundball, 6M)
|
Batting: LHB Pedro Díaz
|
0-0: Ball 1-0: Foul Ball, location: 2F 1-1: Ball 2-1: Fly out, F9 (Flyball, 9S)
|
Top of the 2nd over - 0 runs, 0 hits, 0 errors, 0 left on base; Rio Grande 0 - Buffalo 0 |
BOTTOM OF THE 2ND |
Buffalo LightSabres batting - Pitching for Rio Grande Rattlesnake : RHP Chris Carpenter
|
Batting: RHB Pat McDonald
|
0-0: Ball 1-0: Called Strike 1-1: SINGLE (Groundball, 56D)
|
Batting: LHB Júlio Córdova
|
0-0: Ball 1-0: Ball 2-0: Ball 3-0: Swinging Strike 3-1: Swinging Strike 3-2: Fly out, F9 (Flyball, 9S)
|
Batting: RHB Huub Stolk
|
0-0: Ball 1-0: Called Strike 1-1: Ball 2-1: Called Strike 2-2: Strikes out looking
|
Batting: RHB Sean King
|
0-0: Ball 1-0: Foul Ball, location: 2F 1-1: Ball 2-1: Foul Ball, location: 2F 2-2: Ball 3-2: Foul Ball, location: 2F 3-2: Base on Balls Pat McDonald to second
|
Batting: LHB Tim Griffith
|
0-0: Ball 1-0: Foul Ball, location: 2F 1-1: Ground out 4-3 (Groundball, 4)
|
Bottom of the 2nd over - 0 runs, 1 hit, 0 errors, 2 left on base; Rio Grande 0 - Buffalo 0 |
TOP OF THE 3RD |
Rio Grande Rattlesnake batting - Pitching for Buffalo LightSabres : RHP Jorge Gómez
|
Batting: RHB José Méndez
|
0-0: Called Strike 0-1: Foul Ball, location: 2F 0-2: Ball 1-2: Ball 2-2: Strikes out looking
|
Batting: RHB Derek Hartman
|
0-0: Fly out, F8 (Flyball, 8RM)
|
Batting: RHB Geomar Dalsoglio
|
0-0: Ball 1-0: Ground out 5-3 (Groundball, 5)
|
Top of the 3rd over - 0 runs, 0 hits, 0 errors, 0 left on base; Rio Grande 0 - Buffalo 0 |
BOTTOM OF THE 3RD |
Buffalo LightSabres batting - Pitching for Rio Grande Rattlesnake : RHP Chris Carpenter
|
Batting: LHB Rob Davidson
|
0-0: Ball 1-0: Called Strike 1-1: Foul Ball, location: 2F 1-2: Foul Ball, location: 2F 1-2: Foul Ball, location: 2F 1-2: Strikes out swinging
|
Batting: LHB Garrett King
|
0-0: Ball 1-0: Ball 2-0: Ball 3-0: Base on Balls
|
Batting: RHB Abraham Hardy
|
0-0: Called Strike 0-1: Ball 1-1: Fly out, F8 (Flyball, 8RD)
|
Batting: LHB Sergio Luna
|
0-0: Ball 1-0: Ball 2-0: Ball 3-0: Base on Balls Garrett King to second
|
Batting: RHB Pat McDonald
|
0-0: Ball 1-0: Called Strike 1-1: Ground out 5-3 (Groundball, 56S)
|
Bottom of the 3rd over - 0 runs, 0 hits, 0 errors, 2 left on base; Rio Grande 0 - Buffalo 0 |
TOP OF THE 4TH |
Rio Grande Rattlesnake batting - Pitching for Buffalo LightSabres : RHP Jorge Gómez
|
Batting: LHB Alberto Roberts
|
0-0: Called Strike 0-1: Ground out 5-3 (Groundball, 2L)
|
Batting: RHB Jeff Bane
|
0-0: Swinging Strike 0-1: Ball 1-1: Ball 2-1: Ball 3-1: Foul Ball, location: 2F 3-2: Base on Balls
|
Batting: LHB Claudio Rodríguez
|
0-0: Ball 1-0: Ball Jeff Bane steals 2nd base 2-0: Ball 3-0: Called Strike 3-1: Base on Balls
|
Batting: RHB Gary Thomas
|
0-0: Ball Jeff Bane steals 3rd base 1-0: Ball 2-0: Called Strike 2-1: Grounds into double play, 6-4-3 (Groundball, 6)
|
Top of the 4th over - 0 runs, 0 hits, 0 errors, 1 left on base; Rio Grande 0 - Buffalo 0 |
BOTTOM OF THE 4TH |
Buffalo LightSabres batting - Pitching for Rio Grande Rattlesnake : RHP Chris Carpenter
|
Batting: LHB Júlio Córdova
|
0-0: Ball 1-0: Called Strike 1-1: Swinging Strike 1-2: SINGLE (Groundball, 6D)
|
Batting: RHB Huub Stolk
|
0-0: Swinging Strike 0-1: Ball 1-1: Ball 2-1: Fly out, F7 (Line Drive, 78M)
|
Batting: RHB Sean King
|
0-0: Foul Ball, location: 2F 0-1: Ball Júlio Córdova steals 2nd base 1-1: Ball 2-1: Swinging Strike 2-2: SINGLE (Flyball, 9LS) Júlio Córdova to third Runner from 3rd tries for Home, SAFE, no throw
|
Batting: LHB Tim Griffith
|
0-0: Ball 1-0: Swinging Strike 1-1: Swinging Strike 1-2: Foul Ball, location: 2F 1-2: DOUBLE (Line Drive, 7D) Sean King to third Sean King scores
|
Batting: LHB Rob Davidson
|
0-0: Called Strike 0-1: Swinging Strike 0-2: Strikes out swinging
|
Batting: LHB Garrett King
|
0-0: Called Strike 0-1: Fly out, F8 (Flyball, 8RD)
|
Bottom of the 4th over - 2 runs, 3 hits, 0 errors, 1 left on base; Rio Grande 0 - Buffalo 2 |
TOP OF THE 5TH |
Rio Grande Rattlesnake batting - Pitching for Buffalo LightSabres : RHP Jorge Gómez
|
Batting: LHB Justin Holland
|
0-0: Ball 1-0: Ground out 6-3 (Groundball, 6)
|
Batting: LHB Pedro Díaz
|
0-0: Fly out, F4 (Line Drive, 34)
|
Batting: RHB José Méndez
|
0-0: Swinging Strike 0-1: Swinging Strike 0-2: Ball 1-2: Ball 2-2: Foul Ball, location: 2F 2-2: Strikes out swinging
|
Top of the 5th over - 0 runs, 0 hits, 0 errors, 0 left on base; Rio Grande 0 - Buffalo 2 |
BOTTOM OF THE 5TH |
Buffalo LightSabres batting - Pitching for Rio Grande Rattlesnake : RHP Chris Carpenter
|
Batting: RHB Abraham Hardy
|
0-0: Ball 1-0: Foul Ball, location: 2F 1-1: Foul Ball, location: 2F 1-2: Strikes out swinging
|
Batting: LHB Sergio Luna
|
0-0: Ball 1-0: Ball 2-0: Ball 3-0: Called Strike 3-1: Ground out U3 (Groundball, 34)
|
Batting: RHB Pat McDonald
|
0-0: Foul Ball, location: 2F 0-1: Fly out, F9 (Flyball, 9D)
|
Bottom of the 5th over - 0 runs, 0 hits, 0 errors, 0 left on base; Rio Grande 0 - Buffalo 2 |
TOP OF THE 6TH |
Rio Grande Rattlesnake batting - Pitching for Buffalo LightSabres : RHP Jorge Gómez
|
Batting: RHB Derek Hartman
|
0-0: Swinging Strike 0-1: Foul Ball, location: 2F 0-2: Foul Ball, location: 2F 0-2: Ball 1-2: Fly out, F8 (Flyball, 8LS)
|
Batting: RHB Geomar Dalsoglio
|
0-0: Ball 1-0: Called Strike 1-1: Ball 2-1: DOUBLE (Line Drive, 78D)
|
Batting: LHB Alberto Roberts
|
0-0: Called Strike 0-1: Ball 1-1: Called Strike 1-2: Foul Ball, location: 2F 1-2: Foul Ball, location: 2F 1-2: DOUBLE (Line Drive, 9LM) Geomar Dalsoglio scores
|
Batting: RHB Jeff Bane
|
0-0: Ball 1-0: Foul Ball, location: 2F 1-1: Swinging Strike 1-2: Ground out 5-3 (Groundball, 56S) Alberto Roberts to third
|
Batting: LHB Claudio Rodríguez
|
0-0: Called Strike 0-1: Swinging Strike 0-2: Ball 1-2: Ground out 4-3 (Groundball, 4M)
|
Top of the 6th over - 1 run, 2 hits, 0 errors, 1 left on base; Rio Grande 1 - Buffalo 2 |
BOTTOM OF THE 6TH |
Buffalo LightSabres batting - Pitching for Rio Grande Rattlesnake : RHP Chris Carpenter
|
Pitching: RHP Billy O'Neal
|
|
Batting: LHB Júlio Córdova
|
0-0: Called Strike 0-1: Ball 1-1: Ball 2-1: Called Strike 2-2: Ball 3-2: Fly out, F9 (Line Drive, 89M)
|
Batting: RHB Huub Stolk
|
0-0: Swinging Strike 0-1: Ground out 4-3 (Groundball, 4)
|
Batting: RHB Sean King
|
0-0: Ball 1-0: Ground out 6-3 (Groundball, 6)
|
Bottom of the 6th over - 0 runs, 0 hits, 0 errors, 0 left on base; Rio Grande 1 - Buffalo 2 |
TOP OF THE 7TH |
Rio Grande Rattlesnake batting - Pitching for Buffalo LightSabres : RHP Jorge Gómez
|
Batting: RHB Gary Thomas
|
0-0: Called Strike 0-1: Ball 1-1: Swinging Strike 1-2: Ball 2-2: Ball 3-2: Base on Balls
|
Batting: LHB Justin Holland
|
0-0: Ball 1-0: Ball 2-0: Ball 3-0: Base on Balls Gary Thomas to second
|
Pinch Runner at 2nd William Daly:
|
|
Batting: LHB Pedro Díaz
|
0-0: Ball 1-0: Fielders Choice at 2nd, 5-4 (Groundball, 56) William Daly to third
|
Batting: RHB José Méndez
|
0-0: Ball 1-0: Called Strike 1-1: Grounds into double play, 4-6-3 (Groundball, 4)
|
Top of the 7th over - 0 runs, 0 hits, 0 errors, 1 left on base; Rio Grande 1 - Buffalo 2 |
BOTTOM OF THE 7TH |
Buffalo LightSabres batting - Pitching for Rio Grande Rattlesnake : RHP Billy O'Neal
|
Pitching: LHP António Rodríguez
|
|
Now at 3B: Arnold Moore
|
|
Now in RF: William Daly
|
|
Batting: LHB Tim Griffith
|
0-0: SINGLE (Flyball, 9LM)
|
Pinch Hitting: RHB Júlio López
|
|
Pitching: RHP Julian Corbitt
|
0-0: Ball 1-0: Ball 2-0: Fly out, F4 (Line Drive, 4M)
|
Batting: LHB Garrett King
|
0-0: Foul Ball, location: 2F 0-1: Ball 1-1: Ball 2-1: Ball 3-1: Ground out 3-1 (Groundball, 34S) Tim Griffith to second
|
Batting: RHB Abraham Hardy
|
0-0: Called Strike 0-1: Called Strike 0-2: Foul Ball, location: 2F 0-2: Ball 1-2: Hit by Pitch
|
Batting: LHB Sergio Luna
|
0-0: Ball 1-0: Ball 2-0: Fly out, F6 (Popup, 4M)
|
Bottom of the 7th over - 0 runs, 1 hit, 0 errors, 2 left on base; Rio Grande 1 - Buffalo 2 |
TOP OF THE 8TH |
Rio Grande Rattlesnake batting - Pitching for Buffalo LightSabres : RHP Jorge Gómez
|
Now in RF: Peter Dixon
|
|
Batting: RHB Derek Hartman
|
0-0: Ball 1-0: Ball 2-0: Called Strike 2-1: Ground out 5-3 (Groundball, 56S)
|
Batting: RHB Geomar Dalsoglio
|
0-0: Fly out, F3 (Line Drive, 3F)
|
Batting: LHB Alberto Roberts
|
0-0: Called Strike 0-1: Fly out, F8 (Flyball, 8RM)
|
Top of the 8th over - 0 runs, 0 hits, 0 errors, 0 left on base; Rio Grande 1 - Buffalo 2 |
BOTTOM OF THE 8TH |
Buffalo LightSabres batting - Pitching for Rio Grande Rattlesnake : RHP Julian Corbitt
|
Batting: RHB Pat McDonald
|
0-0: Fly out, F8 (Flyball, 8RS)
|
Batting: LHB Júlio Córdova
|
0-0: Called Strike 0-1: Ball 1-1: Ground out 4-3 (Groundball, 4S)
|
Batting: RHB Huub Stolk
|
0-0: Ball 1-0: Ball 2-0: Called Strike 2-1: Called Strike 2-2: Foul Ball, location: 2F 2-2: Foul Ball, location: 2F 2-2: Foul Ball, location: 2F 2-2: Fly out, F8 (Flyball, 8RS)
|
Bottom of the 8th over - 0 runs, 0 hits, 0 errors, 0 left on base; Rio Grande 1 - Buffalo 2 |
TOP OF THE 9TH |
Rio Grande Rattlesnake batting - Pitching for Buffalo LightSabres : RHP Jorge Gómez
|
Pitching: RHP Raymond Gibbons
|
|
Batting: RHB Jeff Bane
|
0-0: Foul Ball, location: 2F 0-1: Foul Ball, location: 2F 0-2: SINGLE (Line Drive, 8RS)
|
Batting: LHB Claudio Rodríguez
|
0-0: Ball 1-0: Ball 2-0: Called Strike 2-1: Fly out, F8 (Flyball, 78D)
|
Batting: SHB William Daly
|
0-0: Ball 1-0: Swinging Strike 1-1: Called Strike 1-2: Foul Ball, location: 2F 1-2: Foul Ball, location: 2F 1-2: Strikes out looking
|
Batting: SHB Arnold Moore
|
0-0: Ball 1-0: Ball Jeff Bane steals 2nd base 2-0: Foul Ball, location: 2F 2-1: Ground out 4-3 (Groundball, 4)
|
Top of the 9th over - 0 runs, 1 hit, 0 errors, 1 left on base; Rio Grande 1 - Buffalo 2 |
|